 Dungeon Crawl Stone Soup version 0.28.0-47-ge53b351184 (webtiles) character file.

Game seed: 11791751207496073728

49 boopmooplesden the Skirmisher (level 3, -2/51 HPs)
             Began as a Minotaur Berserker on May 9, 2022.
             Was a Believer of Trog.
             Slain by a gnoll
             ... wielding a +0 halberd
              (9 damage)
             ... on level 2 of the Dungeon.
             The game lasted 00:01:24 (1396 turns).

boopmooplesden the Skirmisher (Minotaur Berserker)  Turns: 1396, Time: 00:01:24

Health: -2/51      AC:  3    Str: 21    XL:     3   Next: 51%
Magic:  2/2        EV: 12    Int:  4    God:    Trog [**....]
Gold:   26         SH:  0    Dex: 11    Spells: 2/2 levels left

rFire   . . .      SeeInvis .   a - +0 falchion
rCold   . . .      Faith    .   (no shield)
rNeg    . . .      Spirit   .   b - +0 animal skin
rPois   .          Reflect  .   (helmet restricted)
rElec   .          Harm     .   (no cloak)
rCorr   .          Rampage  .   e - +0 pair of gloves
Will    .....                   (no boots)
Stlth   ..........              (no amulet)
HPRegen 0.17/turn               (no ring)
MPRegen 0.08/turn               (no ring)

@: berserking, very quick
A: horns 2, retaliatory headbutt
a: Renounce Religion, Berserk, Trog's Hand


You were on level 2 of the Dungeon.
You worshipped Trog.
Trog was pleased with you.
You visited 1 branch of the dungeon, and saw 2 of its levels.

You collected 26 gold pieces.

Inventory:

Hand Weapons
 a - a +0 falchion (weapon)
Armour
 b - a +0 animal skin (worn)
 e - a +0 pair of gloves (worn)
Scrolls
 c - a scroll of identify {unknown}
Potions
 d - a potion of heal wounds {unknown}
 f - a potion of curing {unknown}
 g - a potion of might {unknown}


   Skills:
 + Level 4.6 Fighting
 + Level 4.3 Long Blades
 + Level 2.6 Armour
 + Level 2.5 Dodging


You had 2 spell levels left.
You didn't know any spells.
Your spell library was empty.

Dungeon Overview and Level Annotations

Branches:
Dungeon (2/15)

Altars:


Innate Abilities, Weirdness & Mutations

You have a pair of horns on your head.
You reflexively headbutt those who attack you in melee.


Message History

An endoplasm and a gnoll come into view.
A goblin comes into view. It is wielding a +0 club.
There are monsters nearby!
A gnoll comes into view. It is wielding a +0 halberd.
Found a stone staircase leading down.
The gnoll shouts!
You hear a shout!
A gnoll comes into view. It is wielding a +0 whip.
The endoplasm quivers.
The gnoll shouts!
A frilled lizard comes into view.
A rat comes into view.
A goblin comes into view. It is wielding a staff of conjuration.
The gnoll barely misses you. The endoplasm misses you.
The gnoll hits you with a +0 halberd. The gnoll misses you.
The endoplasm jiggles.
The endoplasm barely misses you. You furiously retaliate!
You headbutt the endoplasm!
You kill the endoplasm!
Trog accepts your kill. The gnoll hits you with a +0 halberd!
A red film seems to cover your vision as you go berserk!
You feel yourself moving faster!
You feel mighty! The gnoll hits you with a +0 whip.
The gnoll hits you from afar with a +0 halberd!
* * * LOW HITPOINT WARNING * * *
The gnoll barely misses you.
You slice the gnoll!!
You kill the gnoll!
Trog accepts your kill. The gnoll hits you with a +0 whip.
* * * LOW HITPOINT WARNING * * *
The gnoll hits you from afar with a +0 halberd.
* * * LOW HITPOINT WARNING * * *
You closely miss the gnoll. Your headbutt misses the gnoll.
The frilled lizard barely misses you.
A rat comes into view.
The rat bites you but does no damage.
The gnoll hits you from afar with a +0 halberd!
You die...

.............#
#.######
.######.####.#
#......# #.# #.#
######.### #.####.#
## #.#... ##......#
... ##.##.
#.....#.## ....
###.#
#...##....#.....
#.##
#.....#...gg.....
##.#
..........@r......
##.
....)...#...lg.....
##
........###...#.....
# .......## ##.##
>... # g.. #.# r.. #
.. #.# .. # #.# . .
... . .


You could see 2 gnolls, a goblin, a frilled lizard and 2 rats.

Vanquished Creatures
  A gnoll (D:2)
  A dart slug (D:2)
  5 ball pythons
  3 bats (D:1)
  3 endoplasms
  4 goblins (D:1)
  5 hobgoblins
  5 kobolds (D:1)
  A quokka (D:1)
  A frilled lizard (D:2)
  2 rats
31 creatures vanquished.

Notes
Turn   | Place    | Note
-------+----------+-------------------------------------------
     0 | D:1      | boopmooplesden the Minotaur Berserker began the quest for
                  | the Orb.
     0 | D:1      | Reached XP level 1. HP: 19/19 MP: 0/0
   379 | D:1      | Reached XP level 2. HP: 27/27 MP: 1/1
   491 | D:1      | Noticed a shining eye
   493 | D:1      | Found a faded altar of an unknown god.
   495 | D:1      | Noticed a shining eye
   507 | D:1      | Noticed a golden eye
   507 | D:1      | Noticed a golden eye
  1157 | D:2      | Reached XP level 3. HP: 34/34 MP: 2/2
  1334 | D:2      | Reached ** piety under Trog
  1396 | D:2      | Slain by a gnoll

Illustrated notes

Levels and vault maps discovered:
D:1:      lemuel_arrival_rhombus, layout_loops_ring,
          hellmonk_ecumenical_altar_watching_god
D:2:      layout_loops_ring, nrook_mini_vaults

Skill      XL: |  1  2 |
---------------+-------+-----
Fighting       | 4 |  4.6
Long Blades    | 4 |  4.3
Armour         | |  2.6
Dodging        | |  2.5

Action                   || total
-------------------------++-------
Melee: Falchion          ||    43
       Headbutt          ||     6
Invok: Berserk           ||     1
  Use: Scroll            ||     2
Armor: Animal skin       ||    14
Dodge: Dodged            ||    36
